 Dungeon Crawl Stone Soup version 0.25.1-2-g60ff931df9 (webtiles) character file.

Game seed: 2302458005774399539

40 funkygono the Skirmisher (level 3, -3/30 HPs)
             Began as a Demonspawn Abyssal Knight on Aug 7, 2020.
             Was a Believer of Lugonu.
             Slain by Sigmund
             ... wielding a +0 scythe
              (10 damage)
             ... on level 2 of the Dungeon.
             The game lasted 00:03:01 (1506 turns).

funkygono the Skirmisher (DsAK)                     Turns: 1506, Time: 00:03:01

Health: -3/30      AC:  3    Str: 13    XL:     3   Next: 30%
Magic:  5/5        EV: 11    Int: 13    God:    Lugonu [**....]
Gold:   67         SH:  0    Dex: 12    Spells: 2/2 levels left

rFire    . . .     SeeInvis .   d - -1 spear (curse)
rCold    . . .     Gourm    .   (no shield)
rNeg     . . .     Faith    .   b - +0 leather armour
rPois    .         Spirit   .   (no helmet)
rElec    .         Reflect  .   (no cloak)
rCorr    .         Harm     .   (no gloves)
MR       .....     Rnd*Tele +   (no boots)
Stlth    +.........             (no amulet)
HPRegen  0.10/turn              e - ring of teleportation (curse)
MPRegen  0.09/turn              (no ring)

@: lightly drained
A: hooves 2
a: Depart the Abyss, Bend Space, Renounce Religion


You were on level 2 of the Dungeon.
You worshipped Lugonu.
Lugonu was pleased with you.
You were not hungry.

You visited 1 branch of the dungeon, and saw 2 of its levels.
You visited the Abyss 1 time.

You collected 67 gold pieces.

Inventory:

Hand Weapons
 a - a +1 mace
 d - a cursed -1 spear (weapon)
Missiles
 h - 42 stones (quivered)
 i - 9 bolts
Armour
 b - a +0 leather armour (worn)
Jewellery
 e - a cursed ring of teleportation (left hand)
Scrolls
 f - a scroll of identify
Potions
 g - a potion of heal wounds
 k - a potion of invisibility {unknown}
Comestibles
 c - 4 rations
 j - a chunk of flesh


   Skills:
 + Level 3.7(3.5) Fighting
 + Level 2.0(1.9) Maces & Flails
 + Level 2.0(1.8) Armour
 + Level 1.2(1.1) Dodging
 + Level 0.4(0.2) Stealth
 + Level 2.6(2.5) Invocations


You had 2 spell levels left.
You didn't know any spells.
Your spell library was empty.

Dungeon Overview and Level Annotations

Branches:
Dungeon (2/15)

Altars:

Annotations:
D:2 Sigmund


Innate Abilities, Weirdness & Mutations

You have hoof-like feet.


Message History

A rat comes into view.
Found a scroll labeled AKHEL RIOTE.
Sigmund hits you with a +0 scythe. The rat bites you.
You hit Sigmund but do no damage. The rat closely misses you.
Sigmund casts a spell.
Sigmund flickers and vanishes!
Deactivating autopickup; reactivate with Ctrl-A.
You closely miss something. The rat bites you. Something hits you.
You completely miss something. Your kick misses something.
The rat closely misses you.
You hit something. You kick something. Something hits you!
The rat barely misses you.
You closely miss something. The rat closely misses you.
You hear some strange, mumbled words.
A magic dart appears from out of thin air!
The magic dart hits you!
* * * LOW HITPOINT WARNING * * *
You barely miss something. You kick something.
The rat bites you but does no damage. Something hits you!
You die...

.....#....###.#######.###########
..........'......# #............
..........###.##.#########.......
....).....+..................>...
####.##...###.##.######.#........
...##...# #.##.## #.#........
#####...###+##..# #.#........
#...#.......#####.#........
#...#.....@.....#.#.#....##
#.....{r###.#.#.#....# #........#
#)#.#....# #......#.# #.#)#.####
#...?..#.# #.#.#.##### ########..
#.......... ..# #...#.##### .#
#...#.# #. #...#.#


You could see a rat.

Vanquished Creatures
  An adder (D:2)
  A worm (D:2)
  A ball python (D:1)
  7 bats
  A giant cockroach (D:1)
  5 goblins
  2 hobgoblins (D:1)
  2 jackals (D:1)
  3 kobolds
  2 frilled lizards
  2 rats
27 creatures vanquished.

Notes
Turn   | Place    | Note
-------+----------+-------------------------------------------
     0 | Abyss:1  | funkygono the Demonspawn Abyssal Knight began the quest for
                  | the Orb.
     0 | Abyss:1  | Reached XP level 1. HP: 18/18 MP: 2/2
    14 | D:1      | Escaped the Abyss
   420 | D:1      | Gained mutation: You have large cloven feet. [demonic
                  | ancestry]
   420 | D:1      | Reached XP level 2. HP: 24/24 MP: 3/3
   639 | D:1      | Reached skill level 1 in Dodging
   641 | D:1      | Reached ** piety under Lugonu
  1108 | D:2      | Gained mutation: You have hoof-like feet. [demonic
                  | ancestry]
  1108 | D:2      | Reached XP level 3. HP: 4/30 MP: 3/5
  1497 | D:2      | Noticed Sigmund
  1506 | D:2      | Slain by Sigmund

Illustrated notes

Levels and vault maps discovered:
D:1:      psy_arrival_spokes, layout_basic, minmay_tetromino_s2
D:2:      layout_basic, kennysheep_ying_yang, marbit_many_paths, first_ration,
          uniq_sigmund

Skill      XL: |  1  2 |
---------------+-------+-----
Dodging        | 1 |  1.2
Maces & Flails | 2 |  2.0
Armour         | 2 |  2.0
Fighting       | |  3.7
Stealth        | |  0.4
Invocations    | |  2.6

Action                   || total
-------------------------++-------
Melee: Spear             ||   101
       Mace              ||     5
       Kick              ||    18
  Use: Scroll            ||     3
       Potion            ||     3
  Eat: Chunk             ||     2
Armor: Leather armour    ||    42
Dodge: Dodged            ||    90
